 Dungeon Crawl Stone Soup version 0.22-a0-441-gcf5b0c6 (webtiles) character file.

267 Borgoz the Ruffian (level 6, -6/50 (51) HPs)
             Began as a Ghoul Gladiator on May 29, 2018.
             Mangled by Sigmund
             ... wielding a +2 scythe of protection
              (12 damage)
             ... on level 3 of the Dungeon on May 30, 2018.
             The game lasted 00:05:47 (2217 turns).

Borgoz the Ruffian (Ghoul Gladiator)                Turns: 2217, Time: 00:05:48

HP:   -6/50 (51)    AC:  5    Str: 18    XL:     6   Next: 21%
MP:   10/14         EV: 19    Int:  8    God:
Gold: 150           SH:  0    Dex: 17    Spells: 5/5 levels left

rFire    . . .     SeeInvis .     - Unarmed
rCold    + . .     Gourm    .   (no shield)
rNeg     + + +     Faith    .   a - +1 leather armour
rPois    ∞         Spirit   .   b - +0 helmet
rElec    .         Reflect  .   (no cloak)
rCorr    .         Harm     .   (no gloves)
MR       .....                  (no boots)
Stlth    ++........             (no amulet)
HPRegen  0.00/turn              k - ring of magical power
MPRegen  0.14/turn              (no ring)

@: brilliant, agile, rotting
A: rotting body, claws 1, carnivore, cold resistance 1, negative energy
resistance 3, inhibited regeneration, torment resistance, unbreathing
a: no special abilities


You were on level 3 of the Dungeon.
You were not hungry.

You visited 1 branch of the dungeon, and saw 3 of its levels.

You collected 150 gold pieces.

Inventory:

Missiles
 c - 3 throwing nets (quivered)
Armour
 a - a +1 leather armour (worn)
 b - a +0 helmet (worn)
Jewellery
 k - a ring of magical power (left claw)
Scrolls
 f - 2 scrolls of teleportation
 j - a scroll of fog
 l - a scroll of amnesia
Potions
 e - a potion of heal wounds {unknown}
 g - a potion of brilliance
 h - a potion of curing {unknown}
 n - a potion of agility
 p - a potion of might {unknown}
 s - a potion of degeneration {unknown}
 t - a potion of mutation {unknown}
Comestibles
 d - 6 rations
 i - 2 chunks of flesh


   Skills:
 + Level 3.5 Fighting
 - Level 1.7 Throwing
 * Level 2.8 Armour
 * Level 4.1 Dodging
 + Level 4.2 Unarmed Combat


You had 5 spell levels left.
You didn't know any spells.
Your spell library was empty.

Dungeon Overview and Level Annotations

Branches:
Dungeon (3/15)

Altars:
Sif Muna

Annotations:
D:3 Sigmund


Innate Abilities, Weirdness & Mutations

Your body is rotting away.
You thrive on raw meat.
You are immune to poison.
You have sharp fingernails.
You are carnivorous and can eat meat at any time.
Your flesh is cold resistant. (rC+)
You are immune to negative energy. (rN+++)
You do not regenerate when monsters are visible.
You are immune to unholy pain and torment.
You can survive without breathing.


Message History

A magic dart appears from out of thin air!
The magic dart hits you!
You closely miss something. Something barely misses you.
You miss something. You miss something. Something hits you.
You scratch something but do no damage.
You hear some strange, mumbled words.
A puff of flame appears from out of thin air!
The puff of flame hits you!
You scratch something but do no damage. You scratch something.
Something hits you!
* * * LOW HITPOINT WARNING * * *
You closely miss something. Something misses you.
You barely miss something. You miss something. Something hits you.
* * * LOW HITPOINT WARNING * * *
It was a potion of brilliance.
You feel clever all of a sudden. Something hits you!
You die...

.......##.# .##
##..#####.# ########.
..
..........###.......
..
#########........#.##.
### #
#.###§#..#......>. #
#.# #§#.....#..##. #
###.# #.#...?......@
#...# #.#..#†##.#
#.### #...@{....# #.#
####)####### #.#
#.......# #.#
#.......# #.#
#.......# #.#
#.......# ##.#
#.......# #..#
#.......# #.##
#......>#


There were no monsters in sight!

Vanquished Creatures
  The ghost of Nib the Shooter, an amateur CeHu (D:3)
  Robin (D:2)
  9 adders
  A worm (D:2)
  A dart slug (D:1)
  An orc (D:3)
  3 bats
  6 giant cockroaches
  17 goblins
  9 hobgoblins
  8 jackals
  6 kobolds
  4 quokkas
  A ball python (D:3)
  5 frilled lizards
  7 rats
80 creatures vanquished.

Notes
Turn   | Place    | Note
-------+----------+-------------------------------------------
     0 | D:1      | Borgoz the Ghoul Gladiator began the quest for the Orb.
     0 | D:1      | Reached XP level 1. HP: 17/17 MP: 0/0
     0 | D:1      | Upgraded the game from 0.22-a0-439-gac93bac to 0.22-a0-441-gcf5b0c6
   203 | D:1      | Reached XP level 2. HP: 19/25 MP: 1/1
   276 | D:1      | Reached skill level 1 in Armour
   719 | D:1      | Reached XP level 3. HP: 27/29 MP: 2/2
  1229 | D:2      | Reached XP level 4. HP: 28/37 MP: 3/3
  1561 | D:2      | Noticed Robin
  1571 | D:2      | Killed Robin
  1571 | D:2      | Reached XP level 5. HP: 45/45 MP: 4/4
  1593 | D:2      | Found a deep blue altar of Sif Muna.
  1803 | D:3      | Noticed Sigmund
  1874 | D:3      | Noticed Nib's ghost (amateur CeHu)
  2014 | D:3      | Killed Nib's ghost
  2014 | D:3      | Reached XP level 6. HP: 32/51 MP: 5/5
  2217 | D:3      | Mangled by Sigmund

Vault maps used:
D:1:      minmay_arrival_stair_chambers, grunt_decor_mini_mirrors,
          minmay_misc_feat_columns
D:2:      lemuel_coloured_pillars_altar, minmay_parallelograms,
          minmay_misc_feat_square, uniq_robin, uniq_sigmund
D:3:      first_ration

Skill      XL: |  1  2  3  4  5 |
---------------+----------------+-----
Armour         | 1 2 |  2.8
Dodging        | 3 4 |  4.1
Fighting       | 3 |  3.5
Unarmed Combat | 4 |  4.2
Throwing       | |  1.7

Action                   |  1- 3 |  4- 6 || total
-------------------------+-------+-------++-------
Melee: Unarmed           |   106 |   177 ||   283
       Punch             |       |     3 ||     3
  Use: Scroll            |       |     7 ||     7
       Potion            |       |     2 ||     2
  Eat: Chunk             |    10 |    17 ||    27
Armor: Leather armour    |    21 |    27 ||    48
Dodge: Dodged            |    86 |    89 ||   175

Table legend:
 A = Spawn XP
 B = Non-spawn XP
 C = Spawn XP percentage of total XP
 D = Spawn monster count
 E = Non-spawn monster count
 F = Spawn count percentage of total count
 G = Total turns spent on level
                    A         B        C        D         E        F      G
               +---------+---------+-------+---------+---------+-------+---------
         Total |       0 |     382 |   0.0 |       0 |      80 |   0.0 |  2217
               +---------+---------+-------+---------+---------+-------+---------
           D:1 |       0 |      36 |   0.0 |       0 |      20 |   0.0 |   978
           D:2 |       0 |     158 |   0.0 |       0 |      39 |   0.0 |   771
           D:3 |       0 |     188 |   0.0 |       0 |      21 |   0.0 |   468
               +---------+---------+-------+---------+---------+-------+---------
